 Dungeon Crawl Stone Soup version 0.22-b1-21-g5cfc168 (webtiles) character file.

889 tyranidshit the Skirmisher (level 7, -4/59 HPs)
             Began as a Demonspawn Abyssal Knight on Aug 2, 2018.
             Was a Priest of Lugonu.
             Engulfed by a cloud of freezing vapour (12 damage)
             ... on level 6 of the Dungeon.
             The game lasted 00:10:31 (4722 turns).

tyranidshit the Skirmisher (DsAK)                   Turns: 4722, Time: 00:10:32

Health: -4/59      AC: 17    Str: 17    XL:     7   Next: 77%
Magic:  0/9        EV:  5    Int: 13    God:    Lugonu [***...]
Gold:   274        SH:  0    Dex: 14    Spells: 6/6 levels left

rFire    . . .     SeeInvis .   a - +2 hand axe
rCold    . . .     Gourm    .   (no shield)
rNeg     . . .     Faith    .   u - +0 plate armour
rPois    .         Spirit   +   (helmet restricted)
rElec    .         Reflect  .   s - +1 cloak
rCorr    .         Harm     .   (no gloves)
MR       .....                  (no boots)
Stlth    ..........             y - amulet of guardian spirit
HPRegen  0.19/turn              i - +3 ring of protection
MPRegen  0.11/turn              d - +2 ring of strength

@: hasted, very quick
A: antennae 1, thin skeletal structure 1, demonic guardian 1, spiny 1
a: Depart the Abyss, Bend Space, Banish, Renounce Religion


You were on level 6 of the Dungeon.
You worshipped Lugonu.
Lugonu was most pleased with you.
You were not hungry.

You visited 1 branch of the dungeon, and saw 6 of its levels.
You visited the Abyss 1 time.

You collected 274 gold pieces.

Inventory:

Hand Weapons
 a - a +2 hand axe (weapon)
 n - a +0 antimagic war axe
Armour
 b - a +0 leather armour
 e - a +1 chain mail
 s - a +1 cloak (worn)
 u - a +0 plate armour (worn)
Jewellery
 d - a +2 ring of strength (right hand)
 i - a +3 ring of protection (left hand)
 m - an uncursed ring of positive energy
 q - an uncursed ring of resist corrosion
 t - an uncursed ring of protection from magic
 w - an uncursed ring of fire
 y - an amulet of guardian spirit (around neck)
Wands
 k - a wand of digging (12)
 l - a wand of polymorph (27)
Scrolls
 f - 3 scrolls of teleportation
 g - 3 scrolls of enchant weapon
 h - 4 scrolls of identify
 o - 4 scrolls of magic mapping
 p - 3 scrolls of amnesia
 r - 2 scrolls of remove curse
 x - a scroll of enchant armour
 z - a scroll of blinking
Potions
 v - a potion of berserk rage
Comestibles
 c - 13 rations


   Skills:
 - Level 6.4 Fighting
 - Level 1.7 Axes
 - Level 6.0 Armour
 - Level 0.8 Dodging
 + Level 3.3 Invocations
 + Level 1.4 Evocations


You had 6 spell levels left.
You didn't know any spells.
Your spell library contained the following spells:

 Spells                   Type           Power        Failure   Level  Hunger
 Magic Dart               Conj           #...         100%        1    ##.....
 Conjure Flame            Conj/Fire      #.......     100%        3    ####...
 Slow                     Hex            #.......     100%        2    ###....
 Mephitic Cloud           Conj/Pois/Air  #.......     100%        3    ####...
 Blink                    Tloc           N/A          100%        2    ###....
 Call Imp                 Summ           #.......     100%        2    ###....


Dungeon Overview and Level Annotations

Branches:
Dungeon (6/15)             Temple (0/1) D:4

Altars:
Ashenzari
Dithmenos
Elyvilon
Gozag
Kikubaaqudgha
Makhleb
Trog
Vehumet
Xom
Yredelemnul


Innate Abilities, Weirdness & Mutations

You have a pair of small antennae on your head.
You have a somewhat thin skeletal structure. (Dex +2, Stealth)
A weak demonic guardian rushes to your aid.
You are partially covered in sharp spines.


Message History

Really walk into a travel-excluded area? [Y]es or [N]o only, please.
Really walk into a travel-excluded area? [Y]es or [N]o only, please.
Really walk into a travel-excluded area? [Y]es or [N]o only, please.
Really walk into a travel-excluded area?
There is an open door here.
You are engulfed in freezing vapours.
You are engulfed in freezing vapours.
You are engulfed in freezing vapours.
You are engulfed in freezing vapours.
* * * LOW HITPOINT WARNING * * *
You feel yourself speed up.
You are engulfed in freezing vapours.
* * * LOW HITPOINT WARNING * * *
You are engulfed in freezing vapours.
* * * LOW HITPOINT WARNING * * *
You are engulfed in freezing vapours.
You die...

#............(..........†..##
##########.......####.###.##
###...##.............##.#
#...#....)............#.##
##.########.#.............#####
#..# ###################### #.##
##......§§§§§§§.)?$[$# ##.#
##.################### ##..#
##§§§@§§§§§.......§..#
#..###########################'##
.................................
..#########.###########...###.###
......# #.............### #.#
#.###.# ##.###.###.###.## #.##
..###.# #..##..# #..##..# #..#
...##.# ##.###.## ##.###.## #..##
...#### #..##..# #..##..# ##..#


There were no monsters in sight!

Vanquished Creatures
  An ice beast (D:5)
  A centaur (D:5)
  An ogre (D:4)
  A howler monkey (D:4)
  3 crimson imps
  A jelly (D:6)
  A hound (D:4)
  3 orc priests
  2 orc wizards
  Ijyb (D:3)
  A killer bee zombie (D:5)
  A hound skeleton (D:4)
  7 adders
  An adder zombie (D:5)
  2 worms (D:2)
  3 dart slugs
  4 leopard geckos
  17 orcs
  9 giant cockroaches
  5 goblins
  12 hobgoblins
  An iguana (D:6)
  11 jackals (D:2)
  A ball python (D:2)
  2 bats
  3 frilled lizards
  7 kobolds
  A leopard gecko skeleton (D:4)
  A quokka skeleton (D:5)
  7 rats
111 creatures vanquished.

Vanquished Creatures (collateral kills)
  A crimson imp (D:5)
  2 orc wizards
  An orc priest (D:5)
  A shadow imp (D:5)
  An orc (D:3)
  A goblin (D:3)
7 creatures vanquished.

Grand Total: 118 creatures vanquished

Notes
Turn   | Place    | Note
-------+----------+-------------------------------------------
     0 | Abyss:1  | tyranidshit the Demonspawn Abyssal Knight began the quest for the Orb.
     0 | Abyss:1  | Reached XP level 1. HP: 18/18 MP: 2/2
   100 | Abyss:2  | Noticed a profane servitor
   100 | Abyss:2  | Noticed a great orb of eyes
   101 | D:1      | Escaped the Abyss
   118 | D:1      | Reached * piety under Lugonu
   277 | D:1      | Gained mutation: You are partially covered in sharp spines. [demonic ancestry]
   277 | D:1      | Reached XP level 2. HP: 14/24 MP: 3/3
   739 | D:1      | Gained mutation: A weak demonic guardian rushes to your aid. [demonic ancestry]
   739 | D:1      | Reached XP level 3. HP: 30/30 MP: 4/4
  1442 | D:2      | Reached ** piety under Lugonu
  1464 | D:2      | Reached XP level 4. HP: 24/38 MP: 5/5
  1625 | D:2      | Reached skill level 5 in Fighting
  1924 | D:2      | Found a burning altar of Makhleb.
  1925 | D:2      | Noticed a cacodemon
  2171 | D:3      | Noticed Ijyb
  2172 | D:3      | Found an opulent altar of Gozag.
  2186 | D:3      | Killed Ijyb
  2227 | D:3      | Gained mutation: You have a somewhat thin skeletal structure. (Dex +2, Stealth) [demonic ancestry]
  2227 | D:3      | Reached XP level 5. HP: 46/46 MP: 6/6
  2294 | D:3      | Found a shattered altar of Ashenzari.
  2401 | D:3      | Found a bloodstained altar of Trog.
  2569 | D:4      | Reached *** piety under Lugonu
  2604 | D:4      | Reached XP level 6. HP: 46/53 MP: 7/7
  2661 | D:4      | Found an ancient bone altar of Kikubaaqudgha.
  2847 | D:4      | Found a staircase to the Ecumenical Temple.
  3220 | D:4      | Found a radiant altar of Vehumet.
  3456 | D:5      | Entered Level 5 of the Dungeon
  3475 | D:5      | Found a white marble altar of Elyvilon.
  3534 | D:5      | Noticed an ice beast
  3547 | D:5      | Killed an ice beast
  3559 | D:5      | Gained mutation: You have a pair of small antennae on your head. [demonic ancestry]
  3559 | D:5      | Reached XP level 7. HP: 29/59 MP: 8/8
  3571 | D:5      | Reached skill level 5 in Armour
  3799 | D:5      | Found a basalt altar of Yredelemnul.
  4198 | D:6      | Found a shimmering altar of Xom.
  4313 | D:6      | Reached skill level 1 in Evocations
  4482 | D:6      | Found a shadowy altar of Dithmenos.
  4581 | D:6      | Found a bloodstained altar of Trog.
  4722 | D:6      | Engulfed by a cloud of freezing vapour

Skill      XL: |  1  2  3  4  5  6  7 |
---------------+----------------------+-----
Fighting       | 4 5 6 |  6.4
Armour         | 2 4 6 |  6.0
Invocations    | 3 |  3.3
Evocations     | 1 |  1.4
Axes           | |  1.7
Dodging        | |  0.8

Action                   |  1- 3 |  4- 6 |  7- 9 || total
-------------------------+-------+-------+-------++-------
Melee: Hand axe          |   112 |    96 |    64 ||   272
Invok: Depart the Abyss  |     1 |       |       ||     1
  Use: Scroll            |     5 |     6 |     2 ||    13
       Potion            |     3 |     2 |     3 ||     8
  Eat: Ration            |     1 |     2 |     1 ||     4
Armor: Chain mail        |    80 |    44 |       ||   124
       Skin              |       |    13 |       ||    13
       Plate armour      |       |    10 |    44 ||    54
Dodge: Dodged            |    41 |    27 |    12 ||    80
